 Dungeon Crawl Stone Soup version 0.21.0-3-g78d12a8 (webtiles) character file.

562 oplop the Covert (level 7, -3/33 HPs)
             Began as a Spriggan Assassin on Jan 10, 2018.
             Slain by Prince Ribbit (14 damage)
             ... on level 5 of the Dungeon.
             The game lasted 00:08:36 (4145 turns).

oplop the Covert (Spriggan Assassin)                Turns: 4145, Time: 00:08:36

Health: -3/33      AC:  3    Str:  7    XL:     7   Next: 10%
Magic:  8/8        EV: 22    Int: 13    God:
Gold:   232        SH:  0    Dex: 19    Spells: 6/6 levels left

rFire    . . .     SeeInvis +   b - +0 blowgun
rCold    . . .     Gourm    .   (shield restricted)
rNeg     . . .     Faith    .   c - +0 robe
rPois    .         Spirit   .   i - +0 hat {MR+}
rElec    .         Reflect  .   d - +0 cloak
rCorr    +         Harm     .   (gloves unavailable)
MR       +++..                  (boots unavailable)
Stlth    ++++......             (no amulet)
HPRegen  0.11/turn              q - ring of resist corrosion
MPRegen  0.11/turn              m - ring of protection from magic

@: very quick
A: very small, unfitting armour, see invisible, herbivore, speed 3, slow
metabolism 2
a: no special abilities


You were on level 5 of the Dungeon.
You were near starving.

You visited 2 branches of the dungeon, and saw 6 of its levels.

You collected 232 gold pieces.

Inventory:

Hand Weapons
 a - a +2 dagger
 b - a +0 blowgun (weapon)
Missiles
 e - 19 poisoned needles (quivered)
 f - 2 curare-tipped needles
Armour
 c - a +0 robe (worn)
 d - a +0 cloak (worn)
 i - a +0 hat of magic resistance (worn)
Jewellery
 h - an uncursed ring of magical power
 m - a ring of protection from magic (right hand)
 q - a ring of resist corrosion (left hand)
 x - an uncursed ring of stealth {unknown}
 y - an uncursed ring of poison resistance {unknown}
 z - an uncursed ring of wizardry
Wands
 u - a wand of iceblast (9)
Scrolls
 j - 7 scrolls of identify {unknown}
 l - a scroll of amnesia {unknown}
 n - a scroll of enchant armour {unknown}
 o - 2 scrolls of random uselessness {unknown}
 p - a scroll of noise {unknown}
 s - a scroll of remove curse {unknown}
 w - a scroll of magic mapping {unknown}
Potions
 k - 2 potions of might {unknown}
 r - a potion of curing
 t - a potion of mutation {unknown}
 v - a potion of heal wounds {unknown}
 A - a potion of resistance {unknown}
Comestibles
 g - 6 rations


   Skills:
 - Level 1.5 Fighting
 + Level 4.8 Short Blades
 + Level 3.7 Throwing
 + Level 5.7 Dodging
 + Level 8.5 Stealth


You had 6 spell levels left.
You didn't know any spells.

Dungeon Overview and Level Annotations

Branches:
Dungeon (5/15)             Temple (1/1) D:4

Altars:
Ashenzari
Cheibriados
Dithmenos
Fedhas
Gozag
Hepliaklqana
Kikubaaqudgha
Makhleb
Nemelex Xobeh
Ru
Uskayaw
Vehumet
Xom
Yredelemnul
Zin
The Shining One

Shops:
D:4 }   D:5 %

Annotations:
D:3 troglodite's ghost, amateur DsBe
D:5 Prince Ribbit


Innate Abilities, Weirdness & Mutations

You are very small and have problems with some larger weapons.
You are too small for most types of armour.
You have supernaturally acute eyesight. (SInv)
You are a herbivore.
You cover ground extremely quickly.
You need consume almost no food.


Message History

Press: ? - help, Shift-Dir - straight line, f/p - Prince Ribbit
Aim: Prince Ribbit (heavily wounded, poisoned)
You shoot a poisoned needle.
The poisoned needle completely misses Prince Ribbit.
Firing (i - inventory. (,) - cycle):
e - 21 poisoned needles (quivered)
Press: ? - help, Shift-Dir - straight line, f/p - Prince Ribbit
Aim: Prince Ribbit (heavily wounded, poisoned)
You shoot a poisoned needle. The poisoned needle hits Prince Ribbit!
Prince Ribbit looks as sick as possible!
Prince Ribbit is heavily wounded.
Prince Ribbit winks and puckers his lips.
Prince Ribbit blinks!
Prince Ribbit blinks!
Firing (i - inventory. (,) - cycle):
e - 20 poisoned needles (quivered)
Press: ? - help, Shift-Dir - straight line, f/p - Prince Ribbit
Aim: Prince Ribbit (almost dead, poisoned)
You shoot a poisoned needle.
The poisoned needle misses Prince Ribbit.
Prince Ribbit hits you!
You die...

######...........................
............##..................#
####..########..................#
##.## ##..............###. ##..#
##.........###.#...
##..#############.#...###......##
...###........# #<..#.....##.####
####......(..§###.##....####.####
# #.#<.....§...@F##.####......#.
# ##.<..######.###..)...##.....#.
# #...### ...###.###...##....#.
###.#.# #...##...# #....##.(.#.
.#....# #..# #.### #.....##..#.
..(.### #... #.## #......##.#.
###.# ...## #..# ##......####
#...#...>.. ##.# #......#...
.......(.#### #.## ########._.


You could see Prince Ribbit.

Vanquished Creatures
  An ice beast (D:3)
  2 crimson imps (D:5)
  2 bullfrog skeletons (D:5)
  A hound (D:5)
  A jelly (D:5)
  An iguana (D:4)
  6 worker ants
  3 adders
  An adder zombie (D:5)
  An adder skeleton (D:5)
  A worm (D:3)
  A dart slug (D:2)
  3 orcs
  3 ball pythons (D:2)
  5 giant cockroaches
  4 goblins
  8 hobgoblins
  9 jackals
  7 kobolds
  2 quokkas
  7 bats
  6 frilled lizards
  A leopard gecko skeleton (D:4)
  5 rats
81 creatures vanquished.

Notes
Turn   | Place    | Note
-------+----------+-------------------------------------------
     0 | D:1      | oplop the Spriggan Assassin began the quest for the Orb.
     0 | D:1      | Reached XP level 1. HP: 10/10 MP: 2/2
   170 | D:1      | Reached skill level 6 in Stealth
   359 | D:1      | Reached XP level 2. HP: 10/14 MP: 3/3
   860 | D:2      | Found a hazy altar of Hepliaklqana.
   871 | D:2      | Reached XP level 3. HP: 18/18 MP: 4/4
  1006 | D:2      | Found a shadowy altar of Dithmenos.
  1570 | D:3      | Noticed troglodite's ghost (amateur DsBe)
  1636 | D:3      | Found a glowing golden altar of the Shining One.
  1700 | D:3      | Reached XP level 4. HP: 22/22 MP: 5/5
  1886 | D:3      | Noticed an ice beast
  1889 | D:3      | Killed an ice beast
  1889 | D:3      | Reached skill level 7 in Stealth
  1889 | D:3      | Reached XP level 5. HP: 21/25 MP: 6/6
  2061 | D:4      | Found a blossoming altar of Fedhas.
  2062 | D:4      | Found an ancient bone altar of Kikubaaqudgha.
  2548 | D:4      | Found Fabbotin's Gadget Emporium.
  2831 | D:4      | Found a staircase to the Ecumenical Temple.
  3037 | Temple   | Entered the Ecumenical Temple
  3148 | D:5      | Entered Level 5 of the Dungeon
  3156 | D:5      | Reached XP level 6. HP: 30/30 MP: 7/7
  3181 | D:5      | Reached skill level 5 in Dodging
  3430 | D:5      | Reached skill level 8 in Stealth
  3497 | D:5      | Found a shattered altar of Ashenzari.
  3579 | D:5      | Found Nopnue's Food Emporium.
  3614 | D:5      | Noticed Prince Ribbit
  3920 | D:5      | Reached XP level 7. HP: 29/33 MP: 8/8
  4145 | D:5      | Slain by Prince Ribbit

Skill      XL: |  1  2  3  4  5  6 |
---------------+-------------------+-----
Stealth        | 6 7 8 |  8.5
Dodging        | 2 3 4 5 |  5.7
Short Blades   | 3 4 |  4.8
Throwing       | 3 |  3.7
Fighting       | |  1.5

Action                   |  1- 3 |  4- 6 |  7- 9 || total
-------------------------+-------+-------+-------++-------
Melee: Dagger            |   109 |   142 |     9 ||   260
       Short sword       |       |    21 |       ||    21
 Fire: Blowgun           |     3 |    33 |    19 ||    55
  Use: Potion            |       |     1 |       ||     1
 Stab: Sleeping          |    17 |    10 |     2 ||    29
       Distracted        |     2 |       |       ||     2
  Eat: Ration            |       |     2 |       ||     2
Armor: Robe              |    14 |     6 |     1 ||    21
Dodge: Dodged            |    71 |   149 |     4 ||   224
